 Dungeon Crawl Stone Soup version 0.20-a0-633-gff4aa5c (webtiles) character file.

60 polly the Sneak (level 3, 0/18 HPs)
             Began as a Spriggan Assassin on Feb 12, 2017.
             Slain by a hobgoblin
             ... wielding a +0 club
              (3 damage)
             ... on level 2 of the Dungeon.
             The game lasted 00:01:33 (1318 turns).

polly the Sneak (Spriggan Assassin)                 Turns: 1318, Time: 00:01:33

Health: 0/18       AC:  3    Str:  7    XL:     3   Next: 82%
Magic:  4/4        EV: 18    Int: 12    God:
Gold:   42         SH:  0    Dex: 18    Spells: 2/2 levels left

rFire    . . .     SeeInvis +   a - +2 dagger
rCold    . . .     Gourm    .   c - +0 robe
rNeg     . . .     Faith    .   (shield restricted)
rPois    .         Spirit   .   (helmet restricted)
rElec    .         Reflect  .   d - +0 cloak
rCorr    .         Harm     .   (gloves unavailable)
MR       .....                  (boots unavailable)
Stlth    ++++......             (no amulet)
Regen    0.1/turn               (no ring)
                                (no ring)

@: very quick
A: unfitting armour, see invisible, herbivore 3, speed 3, slow metabolism 2
a: no special abilities


You were on level 2 of the Dungeon.
You were not hungry.

You visited 1 branch of the dungeon, and saw 2 of its levels.

You collected 42 gold pieces.

Inventory:

Hand Weapons
 a - a +2 dagger (weapon)
 b - a +0 blowgun
Missiles
 e - 20 poisoned needles
 f - 2 curare-tipped needles
Armour
 c - a +0 robe (worn)
 d - a +0 cloak (worn)
Scrolls
 h - a scroll of fog {unknown}
 j - 3 scrolls of identify {unknown}
 k - 3 scrolls of magic mapping {unknown}
 m - a scroll of amnesia {unknown}
 n - 2 scrolls of teleportation {unknown}
Potions
 i - a potion of magic {unknown}
 l - 3 potions of curing {unknown}
 o - a potion of resistance {unknown}
Comestibles
 g - a bread ration


   Skills:
 + Level 1.8 Fighting
 + Level 2.9 Short Blades
 + Level 2.0 Throwing
 + Level 3.0 Dodging
 + Level 6.9 Stealth


You had 2 spell levels left.
You didn't know any spells.

Dungeon Overview and Level Annotations

Branches:
Dungeon (2/15)

Altars:


Innate Abilities, Weirdness & Mutations

You are very small and have problems with some larger weapons.
You are too small for most types of armour.
You have supernaturally acute eyesight. (SInv)
You are a herbivore.
You cover ground extremely quickly.
You need consume almost no food.


Message History

You closely miss the hobgoblin.
The hobgoblin shouts!
The hobgoblin barely misses you.
You barely miss the hobgoblin. You closely miss the hobgoblin.
The hobgoblin misses you.
You hit the hobgoblin but do no damage. The hobgoblin barely misses you.
You barely miss the hobgoblin. The hobgoblin misses you.
You hit the hobgoblin.
The hobgoblin is lightly wounded.
The hobgoblin hits you with a club.
* * * LOW HITPOINT WARNING * * *
You hit the hobgoblin.
The hobgoblin is moderately wounded.
You hit the hobgoblin.
The hobgoblin is almost dead.
The hobgoblin barely misses you.
You closely miss the hobgoblin.
The hobgoblin is almost dead.
The hobgoblin hits you with a club.
You die...

#.....# #.......#####.###.###.
#.....# ###.#...##....# #.###.
#.....#####.....##.####...##..
#...................###.......
#....#.##............##.......
#..<.#.####...................
#...>#.# #......>...##...#...
#....#.## #.....#............K
#....#..# #.g@............####
#######.# #..####.........#
#.# ##.###......)...# #.#
#........<#.....####
#.###...##....####......
#..##........## #...%.
######.#....##.#.#### ###..
#...................#### #.
#.####.##..............####.


You could see a hobgoblin.

Vanquished Creatures
  2 adders (D:2)
  An ooze (D:1)
  2 worms (D:2)
  3 leopard geckos
  3 bats (D:1)
  A giant cockroach (D:1)
  4 goblins (D:1)
  2 hobgoblins
  4 jackals (D:2)
  A frilled lizard (D:2)
  3 kobolds
  3 rats
29 creatures vanquished.

Notes
Turn   | Place    | Note
-------+----------+-------------------------------------------
     0 | D:1      | polly the Spriggan Assassin began the quest for the Orb.
     0 | D:1      | Reached XP level 1. HP: 10/10 MP: 2/2
    35 | D:1      | Reached skill level 6 in Stealth
   447 | D:1      | Reached XP level 2. HP: 10/14 MP: 3/3
  1026 | D:2      | Reached XP level 3. HP: 11/18 MP: 4/4
  1318 | D:2      | Slain by a hobgoblin

Vault maps used:
D:1:      minmay_arrival_plants_in_alcoves, serial_curves, eino_curves_03,
          eino_curves_04
D:2:      small_statue_intersection

Skill      XL: |  1  2  3 |
---------------+----------+-----
Stealth        | 6 |  6.9
Dodging        | 2 3 |  3.0
Fighting       | |  1.8
Short Blades   | |  2.9
Throwing       | |  2.0

Action                   || total
-------------------------++-------
Melee: Dagger            ||   162
 Stab: Sleeping          ||     4
Armor: Robe              ||    14
Dodge: Dodged            ||   148
